 Dungeon Crawl Stone Soup version 0.31-a0-702-gf82c85558f (webtiles) character file.

Game seed: 17614883840706566024

444 qw the Shooter (level 7, 0/44 HPs)
             Began as a Gargoyle Hunter on Sept 8, 2023.
             Slain by Menkaure (12 damage)
             ... on level 4 of the Dungeon.
             The game lasted 00:01:14 (2525 turns).

qw the Shooter (Gargoyle Hunter)                    Turns: 2525, Time: 00:01:14

Health: 0/44       AC: 12    Str: 15    XL:     7   Next: 3%
Magic:  7/7        EV: 11    Int:  9    God:
Gold:   129        SH:  0    Dex: 15    Spells: 6/6 levels left

rFire   . . .        Y - +1 shortbow
rCold   . . .        (shield currently unavailable)
rNeg    + . .        n - +0 ring mail
rPois   inf          m - +0 helmet
rElec   +            (no cloak)
rCorr   .            l - +0 pair of gloves
SInv    .            (no boots)
Will    +....        j - amulet of the acrobat
Stlth   +            g - ring of willpower
HPRegen 0.27/turn    (no ring)
MPRegen 0.10/turn

%: acrobat
@: no status effects
A: sickness immunity, AC +4, negative energy resistance 1, electricity
resistance, torment resistance 1, petrification resistance
a: no special abilities


You were on level 4 of the Dungeon.
You visited 2 branches of the dungeon, and saw 5 of its levels.

You collected 129 gold pieces.


Innate Abilities, Weirdness & Mutations

You are immune to sickness and miasma.
Your stone body is resilient. (AC +4)
You are immune to poison.
You resist negative energy. (rN+)
You are resistant to electric shocks. (rElec)
You are resistant to unholy torment.
You are immune to petrification.


   Skills:
 - Level 4.5 Fighting
 - Level 7.0 Ranged Weapons
 + Level 1.4 Armour
 - Level 1.5 Dodging
 - Level 1.1 Stealth


You had 6 spell levels left.
You didn't know any spells.
Your spell library was empty.

Inventory:

Hand Weapons
 Y - a +1 shortbow (weapon)
Armour
 l - a +0 pair of gloves (worn)
 m - a +0 helmet (worn)
 n - a +0 ring mail (worn)
Jewellery
 g - a ring of willpower (left hand)
 j - an amulet of the acrobat (around neck)
Scrolls
 e - 3 scrolls of identify
Potions
 a - a potion of might
 b - a potion of attraction {unknown}
 c - a potion of lignification {unknown}
 d - a potion of enlightenment {unknown}
 h - a potion of resistance {unknown}
 i - a potion of brilliance {unknown}
 k - a potion of curing {unknown}

Dungeon Overview and Level Annotations

Branches:
Dungeon (4/15)             Temple (1/1) D:4

Altars:
Ashenzari
Cheibriados
Dithmenos
Fedhas
Hepliaklqana
Kikubaaqudgha
Makhleb
Nemelex Xobeh
Qazlal
Ru
Trog
Vehumet
Wu Jian
Xom
Zin
The Shining One

Shops:
D:1 (

Annotations:
D:4 Menkaure


Message History

Menkaure is moderately damaged.
Menkaure hits you!
You shoot an arrow. The arrow closely misses Menkaure.
Menkaure calls on the powers of darkness!
Your body is wracked with pain!
Menkaure hits you!
2515 ||| DRINKING potion of heal wounds.
You feel much better.
Menkaure calls on the powers of darkness!
Your body is wracked with pain!
You shoot an arrow. The arrow hits Menkaure.
Menkaure is heavily damaged.
Menkaure points at you and mumbles some strange words.
You resist with some effort.
You shoot an arrow. The arrow barely misses Menkaure.
Menkaure barely misses you. x2
You shoot an arrow. The arrow barely misses Menkaure.
Menkaure barely misses you.
You shoot an arrow. The arrow hits Menkaure.
Menkaure is severely damaged.
Menkaure points at you and mumbles some strange words.
You resist with some effort. Menkaure hits you!
You shoot an arrow.
The arrow hits Menkaure but does no damage.
Menkaure is severely damaged.
Menkaure completely misses you.
You shoot an arrow. The arrow barely misses Menkaure.
Menkaure closely misses you.
You shoot an arrow. The arrow hits Menkaure.
Menkaure is severely damaged.
Menkaure closely misses you. Menkaure hits you!
You shoot an arrow. The arrow hits Menkaure.
Menkaure is almost destroyed.
Menkaure hits you but does no damage.
You shoot an arrow. The arrow barely misses Menkaure.
Menkaure closely misses you.
You shoot an arrow. The arrow hits Menkaure.
Menkaure is almost destroyed.
Menkaure screams, "Why can't you leave me to my rest?"
Menkaure hits you!
You die...

..###.### ...#.....
.....#.. . #.....##
.. #......## .
..#.......##.# .
.............M.)..#
##. .......#...@#
...###.....##....#
....#..###..#....#
.......#.......##
...#.........#.##
..##.........#.#
...#.........#.#
........#......#
....#..###..##.#


You could see Menkaure (fast).

Vanquished Creatures
  Grinder (D:3)
  A kobold brigand (D:4)
  An orc priest (D:4)
  Robin (D:4)
  2 adders
  3 dart slugs
  10 orcs (D:3)
  4 bats
  3 endoplasms
  4 giant cockroaches
  15 goblins
  8 hobgoblins
  7 jackals
  3 quokkas
  7 ball pythons
  4 frilled lizards
  10 kobolds
  4 rats
88 creatures vanquished.

Notes
Turn   | Place    | Note
-------+----------+-------------------------------------------
     0 | D:1      | qw the Gargoyle Hunter began the quest for the Orb.
     0 | D:1      | Reached XP level 1. HP: 12/12 MP: 1/1
     0 | D:1      | 0 ||| qw: Version: 0.3-a-76-g4403597
     0 | D:1      | 0 ||| qw: Game counter: 1011
     0 | D:1      | 0 ||| qw: Melee chars always use a shield: true
     0 | D:1      | 0 ||| qw: God list: Okawaru
     0 | D:1      | 0 ||| qw: Allow faded altars: false
     0 | D:1      | 0 ||| qw: Do Orc after clearing Dungeon:15 true
     0 | D:1      | 0 ||| qw: Do second Lair branch before Depths: true
     0 | D:1      | 0 ||| qw: Lair rune preference: random
     0 | D:1      | 0 ||| qw: Goals: Normal
     0 | D:1      | 0 ||| PLANNING D:1-11
   139 | D:1      | Found a faded altar of an unknown god.
   142 | D:1      | 142 ||| RETREATING.
   145 | D:1      | Reached XP level 2. HP: 17/17 MP: 2/2
   478 | D:1      | Found Elyemitt's Weapon Boutique.
   486 | D:1      | 486 ||| SHOPLISTING +0 heavy shortbow (81 gold, have 17).
   496 | D:1      | 496 ||| UPGRADING to amulet of the acrobat.
   501 | D:1      | 501 ||| UPGRADING to ring of willpower.
   502 | D:1      | 502 ||| READING scroll labelled QOWASK WONAEDD.
   503 | D:1      | 503 ||| READING scroll labelled POMEMI ORUGO.
   508 | D:1      | 508 ||| READING scroll labelled OGRINU ERUS.
   509 | D:1      | 509 ||| READING scroll labelled KANGUE FAUL.
   510 | D:1      | 510 ||| DROPPING scroll of butterflies.
   562 | D:2      | Reached XP level 3. HP: 21/21 MP: 3/3
   623 | D:2      | Reached skill level 5 in Ranged Weapons
   819 | D:2      | Reached skill level 3 in Fighting
  1153 | D:2      | 1153 ||| READING scroll labelled GOCHOKKOMP.
  1154 | D:2      | 1154 ||| READING scroll labelled HOKA FETTAN.
  1155 | D:2      | 1155 ||| READING scroll labelled BIDAHE COISH.
  1156 | D:2      | 1156 ||| READING scroll labelled NUIS SATYOQOI.
  1349 | D:3      | Reached XP level 4. HP: 28/28 MP: 4/4
  1407 | D:3      | Noticed Grinder
  1440 | D:3      | Killed Grinder
  1441 | D:3      | Reached skill level 7 in Ranged Weapons
  1441 | D:3      | Reached XP level 5. HP: 11/32 MP: 5/5
  1441 | D:3      | Reached XP level 6. HP: 12/37 MP: 6/6
  1783 | D:3      | Found a shimmering blue altar of Sif Muna.
  1785 | D:3      | Found a shimmering altar of Xom.
  1785 | D:3      | Found a stormy altar of Qazlal.
  1787 | D:3      | Found a shimmering altar of Xom.
  1787 | D:3      | Found a hazy altar of Hepliaklqana.
  1787 | D:3      | Found a hide-covered altar of Uskayaw.
  2113 | D:3      | 2113 ||| UPGRADING to +0 pair of gloves.
  2118 | D:3      | 2118 ||| READING scroll labelled SOULYREXKA.
  2119 | D:3      | 2119 ||| DRINKING 3 blue potions.
  2177 | D:4      | 2177 ||| STAIRDANCE
  2186 | D:4      | 2186 ||| STAIRDANCE
  2209 | D:4      | 2209 ||| STAIRDANCE
  2220 | D:4      | 2220 ||| STAIRDANCE
  2253 | D:4      | Reached skill level 1 in Armour
  2276 | D:4      | Noticed Robin
  2286 | D:4      | Killed Robin
  2339 | D:4      | Identified the staff "Yrogh" {rElec rPois rCorr Str-2
                  | Poison}
  2370 | D:4      | Found a staircase to the Ecumenical Temple.
  2371 | D:4      | 2371 ||| PLANNING TEMPLE
  2371 | D:4      | 2371 ||| UPGRADING to +0 helmet.
  2376 | D:4      | 2376 ||| UPGRADING to +0 ring mail.
  2386 | D:4      | 2386 ||| DROPPING +0 leather armour.
  2387 | D:4      | 2387 ||| READING 2 scrolls of identify.
  2387 | D:4      | 2387 ||| IDENTIFYING golden potion
  2396 | Temple   | Entered the Ecumenical Temple
  2397 | Temple   | 2397 ||| PLANNING D:1-11
  2434 | D:4      | HP: 8/38 [kobold brigand/+1 whip of venom (5)]
  2435 | D:4      | 2435 ||| DRINKING 2 potions of heal wounds.
  2438 | D:4      | Reached XP level 7. HP: 43/44 MP: 7/7
  2508 | D:4      | Noticed Menkaure
  2514 | D:4      | HP: 7/44 [Menkaure (16)]
  2515 | D:4      | 2515 ||| DRINKING potion of heal wounds.
  2522 | D:4      | HP: 11/44 [Menkaure (8)]
  2525 | D:4      | Slain by Menkaure

Levels and vault maps discovered:
D:1:      dpeg_arrival_water_temple_mockup, layout_basic, serial_shops,
          nicolae_shop_bloodbath_and_beyond,
          hellmonk_ecumenical_altar_heavens_door
D:2:      layout_basic, dreamdust_mushroom_princess
D:3:      layout_basic, doesnt_xom_only_xom, kennysheep_generic_room_7,
          uniq_grinder
D:4:      nicolae_cairo_tiling_large_dashed, layout_rooms,
          nicolae_gozag_seed_capital, minmay_temple_entry_antechambers,
          uniq_menkaure, uniq_robin
Temple:   jpeg_temple_clearing

Skill      XL: |  1  2  3  4  5  6 |
---------------+-------------------+-----
Ranged Weapons | 5 7 |  7.0
Fighting       | 3 4 |  4.5
Armour         | 1 |  1.4
Dodging        | |  1.5
Stealth        | |  1.1

Action                     |  1- 3 |  4- 6 |  7- 9 || total
---------------------------+-------+-------+-------++-------
   Fire: Shortbow          |   127 |   174 |    18 ||   319
    Use: Scroll            |     8 |     2 |       ||    10
         Potion            |       |     2 |     1 ||     3
 Armour: Leather armour    |    35 |    66 |       ||   101
         Ring mail         |       |    10 |     6 ||    16
  Dodge: Dodged            |    60 |    70 |     8 ||   138

Table legend:
 A = Non-vault XP
 B = Vault XP
 C = Vault XP percentage of total XP
 D = Non-vault monster count
 E = Vault monster count
 F = Vault count percentage of total count
                 A         B        C        D         E       F
            +---------+---------+-------+---------+---------+-------
      Total |     297 |     338 |  53.2 |      70 |      18 |  20.5
            +---------+---------+-------+---------+---------+-------
        D:1 |      33 |       0 |   0.0 |      21 |       0 |   0.0
        D:2 |      48 |       0 |   0.0 |      19 |       0 |   0.0
        D:3 |      59 |     300 |  83.6 |      19 |       5 |  20.8
        D:4 |     157 |      38 |  19.5 |      11 |      13 |  54.2
            +---------+---------+-------+---------+---------+-------
